 Dungeon Crawl Stone Soup version 0.23.2-40-g277498a001 (webtiles) character file.

Game seed: 11847271249236054251

28471 DildoBatman the Blocker (level 13, 0/97 HPs)
             Began as a Formicid Wizard on Aug 12, 2019.
             Was an Initiate of Gozag.
             Slain by Saint Roka
             ... wielding a +1 great sword of draining
              (25 damage)
             ... on level 2 of the Orcish Mines.
             The game lasted 01:27:42 (16752 turns).

DildoBatman the Blocker (Formicid Wizard)          Turns: 16752, Time: 01:27:42

Health: 0/97       AC:  8    Str: 14    XL:     13   Next: 73%
Magic:  18/23      EV: 19    Int: 29    God:    Gozag
Gold:   640        SH: 14    Dex: 16    Spells: 1/26 levels left

rFire    + . .     SeeInvis +   a - +4 spear
rCold    + . .     Gourm    .   e - +4 shield of the Maze {+Blink +Inv}
rNeg     . . .     Faith    .   R - +0 troll leather armour
rPois    +         Spirit   .   (helmet unavailable)
rElec    +         Reflect  .   s - +0 cloak
rCorr    +         Harm     .   Q - +0 pair of gloves
MR       ++...                  o - +0 pair of boots
Stlth    +++.......             (no amulet)
HPRegen  0.66/turn              (no ring)
MPRegen  0.18/turn              (no ring)

@: mighty, brilliant, agile, resistant, gold aura, heavily drained
A: permanent stasis, dig shafts and tunnels, four strong arms, antennae 3,
repulsion field 1, agile 1, magic resistance 1, weak 1
a: Dig, Shaft Self, Potion Petition, Call Merchant, Bribe Branch, Renounce
Religion, Evoke Invisibility


You were on level 2 of the Orcish Mines.
You worshipped Gozag.
Gozag was pleased with you.
You were very full.

You visited 3 branches of the dungeon, and saw 17 of its levels.
You also visited: Sewer.

You collected 1888 gold pieces.
You spent 253 gold pieces at shops.
You paid 995 gold pieces to Gozag.

Inventory:

Hand Weapons
 a - a +4 spear (weapon)
 b - a +1 shortbow of flaming
 d - a +2 dagger of venom
Missiles
 c - 7 tomahawks (quivered)
 y - 33 sling bullets
 B - 233 arrows
 C - 79 bolts
 H - 4 throwing nets
Armour
 e - the +4 shield of the Maze (worn) {+Blink +Inv}
   (You found it on level 8 of the Dungeon)

   It lets you turn invisible.
   It lets you blink.
 o - a +0 pair of boots (worn)
 s - a +0 cloak (worn)
 D - a +3 leather armour of magic resistance
 Q - a +0 pair of gloves (worn)
 R - a +0 troll leather armour (worn)
Magical Staves
 M - an uncursed staff of cold
Wands
 K - a wand of flame (46)
 L - a wand of clouds (2)
Scrolls
 p - 3 scrolls of amnesia
 t - a scroll of fog
 x - 6 scrolls of remove curse
 F - a scroll of acquirement {unknown}
 G - a scroll of enchant armour {unknown}
Potions
 i - a potion of magic {unknown}
 j - 6 potions of flight
 l - 12 potions of curing
 n - a potion of ambrosia {unknown}
 q - a potion of haste
 r - 4 potions of degeneration
 u - a potion of heal wounds
 A - 5 potions of resistance
 I - 4 potions of lignification {unknown}
 O - a potion of brilliance {unknown}
Comestibles
 v - 9 rations


   Skills:
 * Level 7.6(5.2) Fighting
 - Level 2.0(0.0) Polearms
 * Level 7.6(5.2) Armour
 * Level 5.6(3.3) Dodging
 - Level 6.3(3.9) Stealth
 - Level 9.1(6.6) Shields
 - Level 7.0(4.6) Spellcasting
 - Level 6.0(3.7) Conjurations
 - Level 4.1(1.9) Charms
   Level 1.0(0.0) Summonings
 - Level 8.0(5.5) Necromancy
   Level 0.8(0.0) Translocations
 - Level 4.0(1.8) Fire Magic
 - Level 4.2(2.0) Air Magic
 - Level 8.1(5.7) Earth Magic
 - Level 8.2(5.7) Poison Magic


You had one spell level left.
You knew the following spells:

 Your Spells              Type           Power        Failure   Level  Hunger
a - Conjure Flame         Conj/Fire      #####...     1%          3    #......
b - Borgnjor's Vile Clut  Necr/Erth      ######....   4%          5    #####..
c - Magic Dart            Conj           ####         1%          1    None
d - Regeneration          Chrm/Necr      #####.....   1%          3    #......
e - Mephitic Cloud        Conj/Pois/Air  #####...     1%          3    #......
f - Vampiric Draining     Necr           ######....   1%          3    #......
h - Dispel Undead         Necr           ######..     4%          5    #####..
z - Sublimation of Blood  Necr           ######....   1%          2    None

Your spell library contained the following spells:

 Spells                   Type           Power        Failure   Level  Hunger
 Animate Skeleton         Necr           N/A          1%          1    None
 Apportation              Tloc           ###...       1%          1    None
 Confusing Touch          Hex            ###...       1%          1    None
 Pain                     Necr           ####         1%          1    None
 Summon Small Mammal      Summ           ###.         1%          1    None
 Corpse Rot               Necr           N/A          1%          2    None
 Animate Dead             Necr           N/A          1%          4    ###....
 Call Imp                 Summ           ###.....     2%          2    None
 Slow                     Hex            ###.....     2%          2    None
 Dazzling Spray           Conj/Hex       #####.       2%          3    #......
 Excruciating Wounds      Chrm/Necr      #####.....   10%         5    #####..
 Death Channel            Necr           ######....   22%         6    ######.
 Freezing Cloud           Conj/Ice/Air   #####.....   61%         6    ######.
 Haunt                    Necr/Summ      #####.....   94%         7    #######
 Borgnjor's Revivificati  Necr           ######....   99%         8    #######
 Infestation              Necr           ######....   99%         8    #######
 Death's Door             Chrm/Necr      #####.....   100%        8    #######
 Necromutation            Tmut/Necr      #####.....   100%        8    #######
 Blink                    Tloc           Unusable     N/A         2    N/A

Dungeon Overview and Level Annotations

Branches:
Dungeon (14/15)            Temple (1/1) D:5            Lair (0/6) D:11
    Orc (2/2) D:11            Elf (0/3) Orc:2
 Vaults: D:13-14

Altars:
Ashenzari
Cheibriados
Dithmenos
Elyvilon
Fedhas
Gozag
Hepliaklqana
Kikubaaqudgha
Makhleb
Nemelex Xobeh
Okawaru
Qazlal
Ru
Sif Muna
Trog
Uskayaw
Vehumet
Wu Jian
Xom
Yredelemnul
Zin
The Shining One

Shops:
D:6 (   D:11 *   Orc:2 =

Annotations:
Orc:2 Saint Roka


Innate Abilities, Weirdness & Mutations

You cannot be hasted, slowed, berserked, paralysed or teleported.
You can dig through walls and to a lower floor.
Your four strong arms can wield two-handed weapons with a shield.
You have a pair of large antennae on your head. (SInv)
You are surrounded by a mild repulsion field. (EV +2)
You are agile. (Dex +2)
You are resistant to hostile enchantments. (MR+)
You are weak. (Str -2)


Message History

You feel mightier all of a sudden.
You feel clever all of a sudden.
Saint Roka calls down the wrath of Beogh upon you.
Beogh smites you!
Saint Roka hits you with a +1 great sword of draining!!
You feel drained.
You feel much better. You block Saint Roka's attack.
Casting: Borgnjor's Vile Clutch (safe; 4% risk of failure)
Confirm with . or Enter, or press ? or * to list all spells.
Aiming: Borgnjor's Vile Clutch (safe; 4% risk of failure)
Press: ? - help, Dir - move target cursor Decaying hands burst forth from the earth!
Zombie hands grab Saint Roka.
Zombie hands grab the orc warrior.
The zombie hands constrict Saint Roka.
The zombie hands constrict the orc warrior.
Saint Roka hits you with a +1 great sword of draining!!
You die...
Your body crumbles into a pile of gold.

......(....## #......#.........
............######....##.........
............##.#......#..........
..##...................).........
......................#..........
.................#...###.........
.............#.####(###..........
............#####....##..........
.........###.)()@o..###{...P.....
..........#######)○###..{........
......##.## ###o#{.P..o....P.
>(......## ##oo{...o......
.........# ##.#.{.8.∩...P
........## #..(P....(.o..
...#....# ##.#(.........
..###...# #..........P.. ..#
##.## ##.##........P


You could see Saint Roka, 2 orc warriors and an orc wizard.

Vanquished Creatures
  A stone giant (Orc:2)
  Nessos (Orc:2)
  2 ettins (Orc:2)
  Josephine (Orc:2)
  Harold (D:9)
  2 centaur warriors (D:14)
  The ghost of kmx the Reanimator, a novice DDNe of Makhleb (D:10)
  3 unseen horrors
  Pikel (D:5)
  2 ugly things (D:11)
  2 orc knights
  7 cyclopes
  2 orc sorcerers (Orc:1)
  2 manticores
  A centaur zombie (D:13)
  Psyche (D:8)
  2 centaur skeletons
  A kobold demonologist (D:13)
  A komodo dragon (D:11)
  A gargoyle (D:10)
  4 trolls
  Grinder (D:4)
  A slime creature (D:14)
  4 hippogriffs
  Sigmund (D:6)
  A vampire (D:10)
  12 yaks
  5 wraiths
  Menkaure (D:5)
  3 wargs (Orc:2)
  3 acid dragons
  A soldier ant (D:10)
  Duvessa (D:7)
  4 slaves
  20 orc warriors
  11 ogres
  2 sky beasts
  2 ice beasts
  2 necrophages
  7 centaurs
  3 phantoms
  A crocodile (D:10)
  2 big kobolds
  9 bullfrogs
  Dowan (D:7)
  A cyclops zombie (Orc:2)
  A warg zombie (Orc:2)
  9 scorpions
  3 killer bees (D:10)
  4 wights (D:7)
  2 electric eels (D:4)
  A troll skeleton (Orc:1)
  4 crimson imps
  A quasit (D:10)
  3 bullfrog zombies
  5 bullfrog skeletons
  A jelly (D:9)
  15 orc priests
  6 hounds
  4 iguanas
  16 orc wizards
  9 worker ants
  3 ogre skeletons (Orc:2)
  A hound zombie (D:7)
  2 hound skeletons
  A worker ant zombie (D:10)
  A howler monkey skeleton (D:8)
  11 adders
  2 orc zombies (Orc:2)
  2 river rats (Sewer)
  13 orc skeletons
  3 shadow imps
  2 oozes
  2 adder skeletons
  3 worms
  5 dart slugs (D:1)
  9 leopard geckos
  79 orcs
  7 giant cockroaches
  8 goblins
  6 hobgoblins
  11 jackals
  8 quokkas
  8 bats
  4 frilled lizards
  A jackal skeleton (D:4)
  13 kobolds
  A leopard gecko skeleton (D:4)
  A quokka skeleton (D:8)
  11 rats
440 creatures vanquished.

Vanquished Creatures (others)
  A human (D:13)
  An electric eel (D:4)
  15 fungi (Orc:2)
  A plant (D:11)
18 creatures vanquished.

Grand Total: 458 creatures vanquished

Notes
Turn   | Place    | Note
-------+----------+-------------------------------------------
     0 | D:1      | DildoBatman the Formicid Wizard began the quest for the
                  | Orb.
     0 | D:1      | Reached XP level 1. HP: 13/13 MP: 4/4
    66 | D:1      | Reached skill level 1 in Conjurations
   261 | D:1      | Reached XP level 2. HP: 15/19 MP: 0/6
   593 | D:1      | Reached XP level 3. HP: 24/24 MP: 4/7
   598 | D:1      | Learned a level 3 spell: Conjure Flame
   602 | D:1      | Learned a level 3 spell: Mephitic Cloud
  1348 | D:2      | Reached XP level 4. HP: 30/30 MP: 1/8
  1488 | D:2      | Found a blossoming altar of Fedhas.
  1488 | D:2      | Found an ornate altar of the Wu Jian Council.
  2295 | D:3      | Reached XP level 5. HP: 32/35 MP: 3/9
  2414 | D:3      | Found a glowing drain.
  2433 | Sewer    | Entered a sewer
  2544 | Sewer    | Noticed a big kobold
  2612 | Sewer    | Killed a big kobold
  2612 | Sewer    | Reached skill level 5 in Conjurations
  2612 | Sewer    | Reached XP level 6. HP: 18/41 MP: 1/10
  2675 | Sewer    | Found a white marble altar of Elyvilon.
  3254 | D:4      | Found a transporter.
  3265 | D:4      | Found a transporter.
  3719 | D:4      | Reached XP level 7. HP: 25/46 MP: 3/11
  4205 | D:5      | Entered Level 5 of the Dungeon
  4306 | D:5      | Noticed Grinder
  4554 | D:5      | Found a staircase to the Ecumenical Temple.
  4564 | Temple   | Entered the Ecumenical Temple
  4649 | Temple   | Became a worshipper of Kikubaaqudgha
  4696 | D:5      | Reached skill level 1 in Poison Magic
  4886 | D:3      | Reached skill level 1 in Fire Magic
  4935 | D:3      | Reached skill level 1 in Air Magic
  5067 | D:4      | Killed Grinder
  5164 | D:4      | Reached skill level 5 in Poison Magic
  5164 | D:4      | Reached XP level 8. HP: 52/52 MP: 5/12
  5351 | D:5      | Noticed Pikel
  5444 | D:5      | Killed Pikel
  5717 | D:5      | Reached * piety under Kikubaaqudgha
  5717 | D:5      | Identified Kikubaaqudgha's Handbook of Dark Arts
                  | (Kikubaaqudgha gifted it to you on level 5 of the Dungeon)
  5717 | D:5      | Received a gift from Kikubaaqudgha
  5722 | D:5      | Learned a level 2 spell: Sublimation of Blood
  5726 | D:5      | Learned a level 3 spell: Vampiric Draining
  5936 | D:5      | Noticed Menkaure
  5948 | D:5      | Killed Menkaure
  5948 | D:5      | Reached XP level 9. HP: 57/57 MP: 5/13
  6588 | D:6      | Noticed Sigmund
  6600 | D:6      | Killed Sigmund
  6780 | D:6      | Found Odday's Weapon Boutique.
  6784 | D:6      | Found a sparkling altar of Nemelex Xobeh.
  6786 | D:6      | Found a sacrificial altar of Ru.
  7151 | D:7      | Noticed Duvessa
  7152 | D:7      | Noticed Dowan
  7163 | D:7      | Killed Duvessa
  7163 | D:7      | Reached skill level 1 in Necromancy
  7204 | D:7      | Killed Dowan
  7392 | D:7      | Reached ** piety under Kikubaaqudgha
  8322 | D:7      | Reached skill level 5 in Stealth
  8672 | D:8      | Reached skill level 1 in Polearms
  8672 | D:8      | Reached XP level 10. HP: 63/63 MP: 13/17
  8686 | D:8      | Reached skill level 5 in Spellcasting
  8711 | D:8      | Got a scorched shield
  8717 | D:8      | Identified the +4 shield of the Maze {+Blink +Inv} (You
                  | found it on level 8 of the Dungeon)
  8792 | D:8      | Reached skill level 1 in Shields
  8821 | D:8      | Reached skill level 2 in Shields
  8837 | D:8      | Noticed Psyche
  8851 | D:8      | Killed Psyche
  8851 | D:8      | Reached skill level 4 in Shields
  8858 | D:8      | Reached skill level 5 in Shields
  8930 | D:8      | Reached *** piety under Kikubaaqudgha
  8930 | D:8      | Identified Kikubaaqudgha's Tome of Unholy Rites
                  | (Kikubaaqudgha gifted it to you on level 8 of the Dungeon)
  8930 | D:8      | Received a gift from Kikubaaqudgha
  8972 | D:8      | Reached skill level 6 in Shields
  9008 | D:8      | Learned a level 5 spell: Dispel Undead
  9052 | D:8      | Noticed an unseen horror
  9070 | D:8      | Killed an unseen horror
  9070 | D:8      | Reached skill level 7 in Shields
  9090 | D:8      | Reached skill level 8 in Shields
  9399 | D:8      | Identified Nuoppein's Almanac of Destructive Necromancy
  9635 | D:9      | Noticed Harold
  9676 | D:9      | Killed Harold
  9676 | D:9      | Reached skill level 9 in Shields
  9676 | D:9      | Reached XP level 11. HP: 45/68 MP: 7/19
 10044 | D:9      | Noticed a manticore
 10068 | D:9      | Killed a manticore
 10068 | D:9      | Reached skill level 5 in Necromancy
 10606 | D:10     | Entered Level 10 of the Dungeon
 10696 | D:10     | Reached **** piety under Kikubaaqudgha
 10703 | D:10     | Learned a level 5 spell: Borgnjor's Vile Clutch
 10786 | D:10     | Reached skill level 1 in Earth Magic
 11310 | D:10     | Noticed an unseen horror
 11356 | D:10     | Killed an unseen horror
 11453 | D:10     | Found a runed translucent door.
 11455 | D:10     | Noticed kmx's ghost (novice DDNe)
 11811 | D:10     | Killed kmx's ghost
 11944 | D:11     | Reached skill level 5 in Earth Magic
 12010 | D:11     | Noticed a manticore
 12098 | D:11     | Killed a manticore
 12098 | D:11     | Reached ***** piety under Kikubaaqudgha
 12176 | D:11     | Found a staircase to the Orcish Mines.
 12203 | D:11     | Noticed an unseen horror
 12213 | D:11     | Killed an unseen horror
 12233 | D:11     | Reached XP level 12. HP: 56/74 MP: 10/21
 12625 | D:11     | Reached skill level 1 in Fighting
 12625 | D:11     | Reached skill level 1 in Armour
 12724 | D:11     | Found Baseh's General Store.
 12934 | D:11     | Bought 2 potions of mutation for 176 gold pieces
 12934 | D:11     | Bought a potion of heal wounds for 55 gold pieces
 12934 | D:11     | Bought a scroll of identify for 22 gold pieces
 12934 | D:11     | Gained mutation: You are resistant to hostile enchantments.
                  | (MR+) [potion of mutation]
 12934 | D:11     | Gained mutation: You are frail. (-10% HP) [potion of
                  | mutation]
 12934 | D:11     | Gained mutation: You are agile. (Dex +2) [potion of
                  | mutation]
 12935 | D:11     | Lost mutation: You are frail. (-10% HP) [potion of
                  | mutation]
 12935 | D:11     | Lost mutation: You are resistant to hostile enchantments.
                  | (MR+) [potion of mutation]
 12935 | D:11     | Lost mutation: You are agile. (Dex +2) [potion of mutation]
 12935 | D:11     | Gained mutation: You are surrounded by a mild repulsion
                  | field. (EV +2) [potion of mutation]
 12935 | D:11     | Gained mutation: You are resistant to hostile enchantments.
                  | (MR+) [potion of mutation]
 12935 | D:11     | Gained mutation: You are weak. (Str -2) [potion of
                  | mutation]
 12935 | D:11     | Gained mutation: You are agile. (Dex +2) [potion of
                  | mutation]
 12970 | D:11     | You fall through a shaft for 3 floors!
 12976 | D:14     | Noticed a centaur warrior
 13004 | D:14     | Killed a centaur warrior
 13144 | D:14     | Noticed a centaur warrior
 13169 | D:14     | Killed a centaur warrior
 13532 | D:12     | Learned a level 3 spell: Regeneration
 13552 | D:11     | You fall through a shaft for 3 floors!
 13602 | D:13     | Reached skill level 5 in Fighting
 13602 | D:13     | Reached skill level 5 in Armour
 13753 | D:11     | Reached skill level 1 in Charms
 13814 | D:11     | Found a staircase to the Lair.
 14010 | Orc:1    | Entered Level 1 of the Orcish Mines
 14217 | Orc:1    | Reached ****** piety under Kikubaaqudgha
 14243 | D:11     | Received a gift from Kikubaaqudgha
 14244 | D:11     | Fell from the grace of Kikubaaqudgha
 14394 | Temple   | Became a worshipper of Gozag Ym Sagoz the Greedy
 14612 | Orc:1    | Reached XP level 13. HP: 91/91 MP: 17/23
 15040 | Orc:2    | Entered Level 2 of the Orcish Mines
 15090 | Orc:2    | Noticed Nessos
 15128 | Orc:2    | Killed Nessos
 15275 | Orc:2    | Found a staircase to the Elven Halls.
 15572 | Orc:2    | Noticed a stone giant
 15626 | Orc:2    | Killed a stone giant
 16062 | Orc:2    | Noticed an ettin
 16093 | Orc:2    | Killed an ettin
 16093 | Orc:2    | Reached skill level 5 in Dodging
 16183 | Orc:2    | Noticed an ettin
 16194 | Orc:2    | Killed an ettin
 16202 | Orc:2    | Found Loesk's Jewellery Boutique.
 16234 | Orc:2    | Noticed Josephine
 16413 | Orc:2    | Killed Josephine
 16710 | Orc:2    | Noticed Saint Roka
 16750 | Orc:2    | HP: 3/97 [Saint Roka/+1 great sword of draining (8)]
 16752 | Orc:2    | Slain by Saint Roka

Skill      XL: |  1  2  3  4  5  6  7  8  9 10 11 12 13 |
---------------+----------------------------------------+-----
Conjurations   | 2 3 4 5 6 |  6.0
Poison Magic   | 5 7 8 |  8.2
Fire Magic     | 1 3 4 |  4.0
Air Magic      | 1 3 4 |  4.2
Stealth        | 5 6 |  6.3
Necromancy     | 3 4 8 |  8.0
Spellcasting   | 4 5 6 7 |  7.0
Polearms       | 1 2 |  2.0
Shields        | 9 |  9.1
Earth Magic    | 6 8 |  8.1
Dodging        | 3 5 |  5.6
Fighting       | 5 7 |  7.6
Armour         | 5 7 |  7.6
Charms         | 2 4 |  4.1
Summonings     | |  1.0
Translocations | |  0.8

Action                   |  1- 3 |  4- 6 |  7- 9 | 10-12 | 13-15 || total
-------------------------+-------+-------+-------+-------+-------++-------
Melee: Unarmed           |     7 |       |       |       |       ||     7
       Club              |     4 |       |       |       |       ||     4
       Falchion          |       |    33 |       |       |       ||    33
       Dagger            |       |       |     7 |       |       ||     7
       Spear             |       |       |     5 |   608 |   480 ||  1093
 Fire: Hunting sling     |       |    60 |   400 |     2 |       ||   462
Throw: Tomahawk          |       |       |     9 |       |       ||     9
 Cast: Magic Dart        |    74 |   122 |    71 |    95 |     8 ||   370
       Mephitic Cloud    |       |     5 |    50 |    62 |    33 ||   150
       Conjure Flame     |       |     5 |    28 |    65 |    31 ||   129
       Dispel Undead     |       |       |       |     7 |     3 ||    10
       Vampiric Draining |       |       |       |     3 |       ||     3
       Sublimation of Bl |       |       |       |     8 |    22 ||    30
       Borgnjor's Vile C |       |       |       |    12 |    30 ||    42
       Regeneration      |       |       |       |       |    21 ||    21
Invok: Receive Necronomi |       |       |       |     1 |       ||     1
       Renounce Religion |       |       |       |     1 |       ||     1
       Potion Petition   |       |       |       |       |     2 ||     2
 Abil: Dig               |       |     7 |    23 |    46 |    16 ||    92
Evoke: Wand              |       |       |       |     1 |     2 ||     3
  Use: Scroll            |       |     3 |     4 |     3 |     5 ||    15
       Potion            |       |       |     1 |     4 |     6 ||    11
 Stab: Confused          |       |     2 |     1 |    41 |    24 ||    68
       Sleeping          |       |     1 |       |       |       ||     1
  Eat: Chunk             |     1 |     9 |    16 |    26 |       ||    52
       Ration            |       |       |     2 |     4 |     6 ||    12
Armor: Robe              |     3 |    10 |    14 |       |       ||    27
       Leather armour    |       |       |    14 |    42 |       ||    56
       Troll leather arm |       |       |       |    14 |    17 ||    31
Dodge: Dodged            |    15 |    61 |   101 |   101 |    58 ||   336
Block: Shield            |       |       |       |   173 |   125 ||   298
       Rpst.: Falchion   |       |     8 |       |       |       ||     8
